 Dungeon Crawl Stone Soup version 0.18.1-47-g9310371 (webtiles) character file.

544 Gargoyl the Covered (level 7, 0/55 HPs)
             Began as a Demonspawn Abyssal Knight on June 19, 2016.
             Was a Priest of Lugonu.
             Slain by an ogre
             ... wielding a +0 giant club
              (10 damage)
             ... on level 4 of the Dungeon.
             The game lasted 00:12:49 (6068 turns).

Gargoyl the Covered (Demonspawn Abyssal Knight)     Turns: 6068, Time: 00:12:50

Health: 0/55       AC: 12    Str: 14    XL:     7   Next: 6%
Magic:  8/8        EV:  7    Int: 14    God:    Lugonu [***...]
Gold:   201        SH:  0    Dex: 12    Spells: 0 memorised, 6 levels left

rFire  + + .     SeeInvis .     a - +1 hand axe
rCold  . . .     Gourm    .     u - +0 chain mail
rNeg   . . .     Faith    .     (no shield)
rPois  .         Spirit   .     v - +0 helmet
rElec  .         Dismiss  .     (no cloak)
rCorr  .         Reflect  .     (no gloves)
SustAt .         Harm     .     (no boots)
MR     .....                    (no amulet)
Stlth  ..........               (no ring)
                                p - ring of protection from fire

@: not resistant to hostile enchantments, extremely unstealthy
A: claws 2, rugged brown scales 1, fire resistance 1, spiny 1
a: Depart the Abyss, Bend Space, Banish, Renounce Religion


You were on level 4 of the Dungeon.
You worshipped Lugonu.
Lugonu was most pleased with you.
You were not hungry.

You visited 1 branch of the dungeon, and saw 4 of its levels.
You visited the Abyss 1 time.

You collected 201 gold pieces.

Inventory:

Hand Weapons
 a - a +1 hand axe (weapon)
 c - a +0 club
 x - a +0 flail
Missiles
 r - 5 tomahawks (quivered)
 y - 3 steel tomahawks
Armour
 u - a +0 chain mail (worn)
 v - a +0 helmet (worn)
Jewellery
 p - a ring of protection from fire (left claw)
Scrolls
 b - 5 scrolls of remove curse {unknown}
 d - a scroll of amnesia {unknown}
 e - 4 scrolls of identify {unknown}
 f - a scroll of acquirement {unknown}
 i - a scroll of immolation {unknown}
 l - 2 scrolls of enchant armour {unknown}
 m - a scroll of noise {unknown}
 o - a scroll of recharging {unknown}
 q - 2 scrolls of teleportation {unknown}
Potions
 h - a potion of might {unknown}
 j - a potion of magic
 n - a potion of cure mutation {unknown}
 z - a potion of haste {unknown}
Books
 g - a book of Air

   Spells                             Type                      Level
   a - Shock                          Conjuration/Air              1
   b - Swiftness                      Charms/Air                   2
   c - Repel Missiles                 Charms/Air                   2
   d - Static Discharge               Conjuration/Air              3
   e - Lightning Bolt                 Conjuration/Air              5
 k - Vehumet's Incunabulum of Arcane Weapons
   (You found it on level 2 of the Dungeon)

   Spells                             Type                      Level
   a - Magic Dart                     Conjuration                  1
Comestibles
 s - 2 bread rations
 t - a meat ration


   Skills:
 + Level 4.1 Fighting
 + Level 2.9 Axes
 * Level 5.4 Armour
 + Level 2.5 Dodging
 + Level 0.2 Stealth
 + Level 2.5 Invocations


You had 6 spell levels left.
You didn't know any spells.

Dungeon Overview and Level Annotations

Branches:
Dungeon (4/15)
 Temple: D:4-7

Altars:
Dithmenos
Kikubaaqudgha
Sif Muna
Vehumet
Xom


Innate Abilities, Weirdness & Mutations

You have very sharp fingernails.
You are partially covered in rugged brown scales (AC +1, +3% HP).
Your flesh is heat resistant.
You are partially covered in sharp spines.


Message History

You hit the orc.
The orc is severely wounded.
The ogre closely misses you. The orc barely misses you.
Unknown command.
You hit the ogre.
The ogre is heavily wounded.
You hit the orc.
You kill the orc!
Lugonu accepts your kill. The ogre is struck by your spines.
The ogre hits you with a giant club.
Unknown command.
You hit the ogre.
The ogre is almost dead.
The ogre hits you with a giant club!
* * * LOW HITPOINT WARNING * * *
Unknown command.
You hit the ogre.
The ogre is almost dead.
The ogre hits you with a giant club!
You die...

..........#.......##
.......†....†....>.#
.###...###.(.......#
..##.#.# #.........#
.....#...#.........#
..<................#
##########.........#
#.....O[..####
#...<..@.....#
#..!..........#
#.$.......>....
................
####............
#############.........$.
............#...........
#.####.####(##?........#
+.'..#.#.8#.#


You could see an ogre.

Vanquished Creatures
  A hungry ghost (D:4)
  A scorpion (D:4)
  A crimson imp (D:3)
  A giant frog skeleton (D:4)
  An orc wizard (D:4)
  3 worker ants (D:4)
  6 adders
  3 oozes
  2 adder skeletons (D:4)
  6 worms
  3 dart slugs
  4 giant geckos
  9 orcs
  11 bats
  3 giant cockroaches
  8 goblins
  14 hobgoblins
  4 jackals (D:1)
  3 quokkas
  3 ball pythons (D:1)
  4 giant newts
  9 kobolds
  6 rats
106 creatures vanquished.

Notes
Turn   | Place    | Note
--------------------------------------------------------------
     0 | Abyss:1  | Gargoyl the Demonspawn Abyssal Knight began the quest for the Orb.
     0 | Abyss:1  | Reached XP level 1. HP: 18/18 MP: 2/2
    42 | Abyss:1  | Noticed an efreet
   150 | Abyss:3  | Found a corrupted altar of Lugonu.
   200 | Abyss:3  | Noticed a hellwing
   200 | Abyss:3  | Noticed a hell hog
   201 | Abyss:3  | Noticed a wizard
   202 | Abyss:3  | Noticed a flying skull
   202 | Abyss:3  | Noticed a small abomination
   203 | Abyss:3  | Noticed a harpy
   203 | D:1      | Escaped the Abyss
   242 | D:1      | Reached skill level 2 in Armour
   335 | D:1      | Reached skill level 1 in Dodging
   335 | D:1      | Gained mutation: Your flesh is heat resistant. [demonic ancestry]
   335 | D:1      | Reached XP level 2. HP: 20/24 MP: 3/3
   341 | D:1      | Reached * piety under Lugonu
   621 | D:1      | Reached XP level 3. HP: 23/29 MP: 4/4
   879 | D:1      | Reached ** piety under Lugonu
  1833 | D:2      | Found a deep blue altar of Sif Muna.
  1834 | D:2      | Found an ancient bone altar of Kikubaaqudgha.
  1835 | D:2      | Found a radiant altar of Vehumet.
  1840 | D:2      | Identified Vehumet's Incunabulum of Arcane Weapons
  1931 | D:2      | Gained mutation: You have sharp fingernails. [demonic ancestry]
  1931 | D:2      | Reached XP level 4. HP: 35/36 MP: 5/5
  2619 | D:2      | Reached skill level 3 in Armour
  2922 | D:3      | Noticed a hungry ghost
  3003 | D:3      | Found a shimmering altar of Xom.
  3142 | D:3      | Gained mutation: You have very sharp fingernails. [demonic ancestry]
  3142 | D:3      | Reached XP level 5. HP: 31/42 MP: 6/6
  4506 | D:4      | Reached skill level 4 in Armour
  4833 | D:4      | Found a shadowy altar of Dithmenos.
  5233 | D:3      | Gained mutation: You are partially covered in rugged brown scales (AC +1, +3% HP). [demonic ancestry]
  5233 | D:3      | Reached XP level 6. HP: 39/49 MP: 7/7
  5373 | D:4      | Killed a hungry ghost
  5599 | D:4      | Reached skill level 5 in Armour
  6005 | D:4      | Reached *** piety under Lugonu
  6037 | D:4      | Gained mutation: You are partially covered in sharp spines. [demonic ancestry]
  6037 | D:4      | Reached XP level 7. HP: 51/55 MP: 8/8
  6068 | D:4      | Slain by an ogre

Skill      XL: |  1  2  3  4  5  6 |
---------------+-------------------+-----
Armour         | 2 3 4 5 |  5.4
Dodging        | 1 2 |  2.5
Axes           | 2 |  2.9
Fighting       | 4 |  4.1
Stealth        | |  0.2
Invocations    | |  2.5

Action                   |  1- 3 |  4- 6 |  7- 9 || total
-------------------------+-------+-------+-------++-------
Melee: Hand axe          |   127 |   566 |    11 ||   704
Throw: Tomahawk          |       |     4 |       ||     4
Invok: Depart the Abyss  |     1 |       |       ||     1
  Use: Potion            |       |     2 |       ||     2
  Eat: Chunk             |     3 |    14 |       ||    17
       Beef jerky        |       |     3 |       ||     3
       Meat ration       |       |     2 |       ||     2
       Bread ration      |       |     2 |       ||     2
Armor: Scale mail        |    74 |   250 |       ||   324
       Chain mail        |       |    42 |     9 ||    51
Dodge: Dodged            |    80 |   255 |     4 ||   339
